 Dungeon Crawl Stone Soup version 0.28.0-1-gb440e238dd (webtiles) character file.

Game seed: 18278746573448717281

62 Kaptain the Magician (level 3, -1/20 HPs)
             Began as a Deep Elf Earth Elementalist on Feb 22, 2022.
             Slain by an adder (2 damage)
             ... on level 2 of the Dungeon.
             The game lasted 00:03:42 (1547 turns).

Kaptain the Magician (Deep Elf Earth Elementalist)  Turns: 1547, Time: 00:03:43

Health: -1/20      AC:  3    Str:  5    XL:     3   Next: 85%
Magic:  4/10       EV: 12    Int: 21    God:
Gold:   50         SH:  0    Dex: 15    Spells: 9/10 levels left

rFire   . . .      SeeInvis .   b - +2 hand axe (venom)
rCold   . . .      Faith    .   (no shield)
rNeg    . . .      Spirit   .   e - +0 leather armour
rPois   .          Reflect  .   (no helmet)
rElec   .          Harm     .   (no cloak)
rCorr   .          Rampage  .   (no gloves)
Will    .....                   (no boots)
Stlth   ++........              (no amulet)
HPRegen 0.06/turn               (no ring)
MPRegen 0.12/turn               (no ring)

@: lethally poisoned (-1 -> -6), very slightly contaminated
A: no striking features
a: no special abilities


You were on level 2 of the Dungeon.
You visited 1 branch of the dungeon, and saw 2 of its levels.

You collected 50 gold pieces.

Inventory:

Hand Weapons
 a - a +1 hand axe of flaming
 b - a +2 hand axe of venom (weapon)
 d - a +0 quarterstaff
Missiles
 c - 83 stones
Armour
 e - a +0 leather armour (worn)
Scrolls
 f - a scroll of summoning {unknown}


   Skills:
 + Level 0.7 Fighting
 - Level 0.2 Armour
 + Level 2.9 Dodging
 + Level 2.8 Stealth
 * Level 4.1 Spellcasting
 - Level 1.1 Transmutations
 * Level 4.0 Earth Magic


You had 9 spell levels left.
You knew the following spells:

 Your Spells              Type           Power      Damage    Failure   Level
a - Sandblast             Erth           42%        2d11      3%          1

Your spell library contained the following spells:

 Spells                   Type           Power      Damage    Failure   Level
 Passwall                 Tmut/Erth      12%        N/A       11%         2
 Stone Arrow              Conj/Erth      24%        3d8       26%         3
 Petrify                  Tmut/Erth      15%        N/A       56%         4


Dungeon Overview and Level Annotations

Branches:
Dungeon (2/15)

Altars:

Shops:
D:1 [


Message History

Confirm with . or Enter, or press ? or * to list all spells.
Aiming: Sandblast (safe; 4% risk of failure)
Press: ? - help, Shift-Dir - straight line, f/p - Jessica
Aim: Jessica, wielding a +0 club and wearing a +0 robe (almost dead, fast, 79% to hit)
The blast of sand hits Jessica but does no damage.
Jessica is almost dead.
The adder barely misses you. Jessica closely misses you.
Casting: Sandblast (safe; 4% risk of failure)
Confirm with . or Enter, or press ? or * to list all spells.
Aiming: Sandblast (safe; 4% risk of failure)
Press: ? - help, Shift-Dir - straight line, f/p - Jessica
Aim: Jessica, wielding a +0 club and wearing a +0 robe (almost dead, fast, 79% to hit)
The blast of sand hits Jessica!
You kill Jessica!
The adder bites you but does no damage.
A frilled lizard comes into view.
Your Spellcasting skill increases to level 4!
Your Earth Magic skill increases to level 4!
Casting: Sandblast (safe; 3% risk of failure)
Confirm with . or Enter, or press ? or * to list all spells.
Aiming: Sandblast (safe; 3% risk of failure)
Press: ? - help, Shift-Dir - straight line, f - adder
Aim: an adder (68% to hit)
The blast of sand hits the adder.
The adder is moderately wounded.
The frilled lizard hisses angrily.
The adder bites you.
* * * LOW HITPOINT WARNING * * *
You are lethally poisoned!
The adder poisons you! The adder bites you.
* * * LOW HITPOINT WARNING * * *
Casting: Sandblast (safe; 3% risk of failure)
Confirm with . or Enter, or press ? or * to list all spells.
Aiming: Sandblast (safe; 3% risk of failure)
Press: ? - help, Shift-Dir - straight line, f/p - adder
Aim: an adder (moderately wounded, 68% to hit)
The blast of sand misses the adder.
* * * LOW HITPOINT WARNING * * *
You feel sick. The adder bites you.
You die...

.########.# ##...#.###
.# #.# #...# .# #.#
#...# .########.#
##..# .#........# #..#
##........# #).#
#........# #..# #
#........######.##.#
#..............@S^.#
#..............)...#
#.............<....#.
#########........l...#
#.)..####..### #.)..#
.>... #....# ..###
#....# ..# ###### .#


You could see an adder and a frilled lizard.

Vanquished Creatures
  Jessica (D:2)
  3 dart slugs
  3 ball pythons (D:1)
  2 bats
  3 endoplasms
  2 giant cockroaches (D:1)
  5 goblins
  A hobgoblin (D:2)
  4 kobolds
  A quokka (D:1)
  A frilled lizard (D:1)
  A rat (D:1)
27 creatures vanquished.

Vanquished Creatures (others)
  4 toadstools (D:1)
4 creatures vanquished.

Grand Total: 31 creatures vanquished

Notes
Turn   | Place    | Note
-------+----------+-------------------------------------------
     0 | D:1      | Kaptain the Deep Elf Earth Elementalist began the quest for
                  | the Orb.
     0 | D:1      | Reached XP level 1. HP: 10/10 MP: 6/6
   110 | D:1      | Found Leffofes's Antique Armour Shop.
   311 | D:1      | Reached XP level 2. HP: 15/15 MP: 6/8
   923 | D:2      | Noticed Jessica
  1307 | D:2      | Reached XP level 3. HP: 15/20 MP: 8/10
  1545 | D:2      | Killed Jessica
  1547 | D:2      | HP: 1/20 [poisoned by an adder]
  1547 | D:2      | Slain by an adder

Illustrated notes

Levels and vault maps discovered:
D:1:      ldierk_walled_garden_2, layout_loops_cross, serial_shops,
          nicolae_shop_waterfront
D:2:      layout_basic, uniq_jessica

Skill      XL: |  1  2  3 |
---------------+----------+-----
Spellcasting   | 4 |  4.1
Earth Magic    | 4 |  4.0
Fighting       | |  0.7
Armour         | |  0.2
Dodging        | |  2.9
Stealth        | |  2.8
Transmutations | |  1.1

Action                   || total
-------------------------++-------
Melee: Dagger            ||     3
       Hand axe          ||    23
       Quarterstaff      ||     8
 Cast: Sandblast         ||    26
 Stab: Sleeping          ||     1
Armor: Robe              ||     3
       Leather armour    ||     8
Dodge: Dodged            ||    26
